 Dungeon Crawl Stone Soup version 0.18.1-48-g4cf74bf (webtiles) character file.

6982 donacdum the Fighter (level 10, -10/100 HPs)
             Began as a Minotaur Berserker on July 25, 2016.
             Was a High Priest of Trog.
             Mangled by a blink frog (11 damage)
             ... on level 1 of the Lair of Beasts on July 30, 2016.
             The game lasted 01:27:02 (9956 turns).

donacdum the Fighter (Minotaur Berserker)           Turns: 9956, Time: 01:27:03

Health: -10/100    AC: 18    Str: 26    XL:     10   Next: 81%
Magic:  9/9        EV: 15    Int:  4    God:    Trog [*****.]
Gold:   372        SH:  0    Dex:  9    Spells: 0 memorised, 9 levels left

rFire  + . .     SeeInvis .     W - +2 triple sword (holy)
rCold  + . .     Gourm    .     g - +4 chain mail
rNeg   . . .     Faith    .     (shield currently unavailable)
rPois  .         Spirit   .     (helmet restricted)
rElec  .         Dismiss  .     (no cloak)
rCorr  .         Reflect  .     m - +0 pair of gloves
SustAt .         Harm     .     K - +0 pair of boots
MR     .....     Clarity  +     (no amulet)
Stlth  ..........               b - +5 ring of evasion
                                V - ring of Zaplefaa {rF+ rC+}

@: exhausted, slowed, very slow, not resistant to hostile enchantments,
extremely unstealthy
A: retaliatory headbutt, hooves 1, horns 2, berserk 1, blurry vision 1, clarity,
slow regeneration 1
a: Berserk, Trog's Hand, Brothers in Arms, Burn Spellbooks, Renounce Religion


You were on level 1 of the Lair of Beasts.
You worshipped Trog.
Trog was extremely pleased with you.
You were hungry.

You visited 2 branches of the dungeon, and saw 11 of its levels.

You collected 372 gold pieces.

Inventory:

Hand Weapons
 h - a cursed +0 battleaxe
 A - a +3 hunting sling
 W - a +2 triple sword of holy wrath (weapon)
Missiles
 k - 216 stones
 n - 123 sling bullets
 q - 3 javelins
 t - 13 tomahawks (quivered)
 E - 37 bolts
 F - 53 poisoned needles
 L - 134 arrows
Armour
 g - a +4 chain mail (worn)
 m - a +0 pair of gloves (worn)
 K - a +0 pair of boots (worn)
Rods
 a - a +0 lightning rod (13/13)
   (You found it on level 8 of the Dungeon)
Jewellery
 b - a +5 ring of evasion (right hand)
 V - the ring of Zaplefaa (left hand) {rF+ rC+}
   (You found it on level 7 of the Dungeon)

   [ring of protection from fire]

   It protects you from fire.
   It protects you from cold.
Wands
 G - a wand of slowing (31/48)
Scrolls
 d - 5 scrolls of teleportation
 i - 3 scrolls of magic mapping
 p - 3 scrolls of amnesia
 v - a scroll of acquirement {unknown}
 x - a scroll of recharging {unknown}
 y - 2 scrolls of fear
 C - 3 scrolls of remove curse
 D - a scroll of fog
 J - a scroll of identify
 M - a scroll of noise
 N - 4 scrolls of immolation
 O - a scroll of random uselessness {unknown}
Potions
 c - 4 potions of curing
 e - a potion of brilliance {unknown}
 f - 2 potions of berserk rage
 r - 2 potions of haste {unknown}
 s - 3 potions of heal wounds {unknown}
 u - a potion of cancellation {unknown}
 w - 2 potions of degeneration
 z - 2 potions of resistance {unknown}
 B - 3 potions of flight {unknown}
 H - 4 potions of agility
 P - 2 potions of might {unknown}
 R - a potion of invisibility {unknown}
 Y - a potion of lignification {unknown}
Comestibles
 l - 3 bread rations
 I - 5 fruits


   Skills:
 * Level 12.7 Fighting
   Level 2.1(4.1) Short Blades
 + Level 5.9(6.2) Long Blades
 + Level 8.2(8.3) Axes
   Level 0.5(5.1) Polearms
 + Level 3.3 Slings
 + Level 10.9 Armour
 - Level 3.2 Dodging


You had 9 spell levels left.
You didn't know any spells.

Dungeon Overview and Level Annotations

Branches:
Dungeon (10/15)            Temple (0/1) D:5            Lair (1/8) D:10
    Orc: D:9-12

Altars:
Dithmenos
Gozag
Makhleb
Nemelex Xobeh
Okawaru
Qazlal
Ru
Sif Muna
Vehumet


Innate Abilities, Weirdness & Mutations

You reflexively headbutt those who attack you in melee.
You have a pair of horns on your head.
You have large cloven feet.
You tend to lose your temper in combat.
Scrolls take you a little longer to read.
You possess an exceptional clarity of mind.
You regenerate slowly when monsters are visible.


Message History

Really read with blurry vision while enemies are nearby? [Y]es or [N]o only, please.
Really read with blurry vision while enemies are nearby? [Y]es or [N]o only, please.
Really read with blurry vision while enemies are nearby? [Y]es or [N]o only, please.
Really read with blurry vision while enemies are nearby? [Y]es or [N]o only, please.
Really read with blurry vision while enemies are nearby?
Okay, then.
The blink frog blinks!
The blink frog blinks!
The blink frog blinks!
The blink frog hits you but does no damage.
The blink frog hits you.
* * * LOW HITPOINT WARNING * * *
The blink frog blinks!
The blink frog blinks!
The blink frog hits you!
You die...

...####..#
######.#...........#
.....##..###P#.#####..........
..)..##...##...### ##.......##
......##..#......#####......#
.....###..........##..#....#
###### #..................##
#...........#.####..###
#..........##### ##.#.#
#........#@..# ##...##
#.........#.F.# #.....#
#.........#...# ##.....##
..##.....##..## #........##
.......ยง..###.........##
P#####...#.##.......#..# .
#....#/##........##.# ..##
##....##.........##..
....##....## .......####.


You could see a blink frog.

Vanquished Creatures
  The ghost of WarriorsX the Protected, a novice HuFi (D:9)
  A black mamba (Lair:1)
  A two-headed ogre (D:9)
  2 blink frogs (Lair:1)
  A spriggan (D:9)
  A steam dragon (D:8)
  2 hippogriffs
  2 humans (D:9)
  3 water moccasins
  3 ice beasts
  3 orc warriors
  3 black bears
  2 sky beasts
  3 phantoms
  A centaur (D:8)
  3 wolves (Lair:1)
  2 ogres
  3 crocodiles
  6 giant frogs
  A gnoll sergeant (D:5)
  2 scorpions (D:8)
  A water moccasin skeleton (D:7)
  4 wights (D:9)
  2 howler monkeys (D:4)
  5 crimson imps
  A centaur zombie (D:9)
  A quasit (D:9)
  3 hounds
  A giant frog skeleton (D:5)
  6 orc priests
  2 jellies
  5 orc wizards
  2 centaur skeletons
  3 iguanas
  7 worker ants
  3 hound skeletons
  Robin (D:2)
  A worker ant zombie (D:9)
  5 gnolls (D:5)
  A howler monkey skeleton (D:5)
  9 adders
  4 shadow imps
  7 oozes
  An adder zombie (D:5)
  An adder skeleton (D:7)
  3 worms
  A dart slug (D:1)
  7 giant geckos
  33 orcs
  2 ball pythons (D:2)
  10 giant cockroaches
  20 goblins
  10 hobgoblins
  28 jackals
  8 kobolds
  4 quokkas
  8 bats
  9 giant newts
  A jackal skeleton (D:5)
  A jackal zombie (D:7)
  A quokka skeleton (D:7)
  12 rats
  A fungus (Lair:1)
  A plant (D:1)
282 creatures vanquished.

Notes
Turn   | Place    | Note
--------------------------------------------------------------
     0 | D:1      | donacdum the Minotaur Berserker began the quest for the Orb.
     0 | D:1      | Reached XP level 1. HP: 19/19 MP: 0/0
     1 | D:1      | Found a runed door.
    33 | D:1      | Reached XP level 2. HP: 27/27 MP: 1/1
    33 | D:1      | Reached skill level 4 in Fighting
    38 | D:1      | Reached XP level 3. HP: 33/33 MP: 2/2
   177 | D:1      | Reached ** piety under Trog
   519 | D:1      | Reached XP level 4. HP: 39/41 MP: 3/3
   921 | D:2      | Reached *** piety under Trog
  1653 | D:2      | Reached XP level 5. HP: 47/47 MP: 4/4
  1709 | D:2      | Noticed Robin
  1712 | D:2      | Reached skill level 1 in Slings
  1714 | D:2      | Reached **** piety under Trog
  1720 | D:2      | Killed Robin
  1723 | D:2      | Reached skill level 1 in Short Blades
  2637 | D:3      | Found a deep blue altar of Sif Muna.
  2660 | D:3      | Reached skill level 5 in Fighting
  2664 | D:3      | Reached XP level 6. HP: 56/56 MP: 5/5
  2820 | D:3      | Found a radiant altar of Vehumet.
  2822 | D:3      | Found a burning altar of Makhleb.
  2870 | D:4      | Got a heavily runed leather armour
  2980 | D:4      | Received a gift from Trog
  3144 | D:4      | Reached skill level 5 in Armour
  3466 | D:4      | Reached skill level 5 in Axes
  3466 | D:4      | Reached XP level 7. HP: 61/62 MP: 6/6
  3510 | D:5      | Entered Level 5 of the Dungeon
  3625 | D:5      | Reached skill level 6 in Fighting
  4003 | D:5      | Found a shadowy altar of Dithmenos.
  4253 | D:5      | Reached XP level 8. HP: 63/71 MP: 7/7
  4331 | D:5      | Found a sparkling altar of Nemelex Xobeh.
  4331 | D:5      | Found an opulent altar of Gozag.
  4502 | D:5      | Found a staircase to the Ecumenical Temple.
  4520 | D:5      | Reached skill level 7 in Fighting
  5161 | D:6      | Reached ***** piety under Trog
  5411 | D:6      | Reached skill level 8 in Fighting
  5913 | D:7      | Gained mutation: You tend to lose your temper in combat. [mutagenic meat]
  5916 | D:7      | Gained mutation: You possess an exceptional clarity of mind. [mutagenic meat]
  5917 | D:7      | Gained mutation: You regenerate slowly when monsters are visible. [mutagenic meat]
  5918 | D:7      | Gained mutation: You have large cloven feet. [mutagenic meat]
  5919 | D:7      | Gained mutation: Scrolls take you a little longer to read. [mutagenic meat]
  6129 | D:7      | Found a stormy altar of Qazlal.
  6403 | D:7      | Reached XP level 9. HP: 82/82 MP: 8/8
  6633 | D:7      | Reached skill level 9 in Fighting
  6640 | D:7      | Got a crude granite ring
  6641 | D:7      | Identified the ring of Zaplefaa {rF+ rC+} (You found it on level 7 of the Dungeon)
  6853 | D:8      | Found a sacrificial altar of Ru.
  6934 | D:8      | Received a gift from Trog
  7300 | D:8      | Reached skill level 10 in Fighting
  7303 | D:8      | Reached skill level 1 in Long Blades
  8147 | D:9      | Reached skill level 11 in Fighting
  8251 | D:9      | Reached XP level 10. HP: 81/95 MP: 9/9
  8326 | D:9      | Noticed WarriorsX's ghost (novice HuFi)
  8339 | D:9      | Killed WarriorsX's ghost
  8339 | D:9      | Reached skill level 10 in Armour
  8970 | D:9      | Found an iron altar of Okawaru.
  9020 | D:9      | Found an iron altar of Okawaru.
  9149 | D:10     | Entered Level 10 of the Dungeon
  9170 | D:10     | Reached skill level 12 in Fighting
  9198 | D:10     | Found a staircase to the Lair.
  9212 | Lair:1   | Entered Level 1 of the Lair of Beasts
  9220 | Lair:1   | Reached skill level 5 in Long Blades
  9592 | Lair:1   | Noticed a black mamba
  9600 | Lair:1   | Killed a black mamba
  9944 | Lair:1   | HP: 2/100 [blink frog (8)]
  9954 | Lair:1   | HP: 1/100 [blink frog (4)]
  9956 | Lair:1   | Mangled by a blink frog

Skill      XL: |  1  2  3  4  5  6  7  8  9 10 |
---------------+-------------------------------+-----
Fighting       | 4 5 6 8 11 12 | 12.7
Axes           | 4 5 7 8 |  8.2
Armour         | 3 4 5 6 8 9 10 | 10.9
Dodging        | 3 |  3.2
Slings         | 2 3 |  3.3
Short Blades   | 1 2 |  2.1
Long Blades    | 2 5 |  5.9
Polearms       | |  0.5

Action                   |  1- 3 |  4- 6 |  7- 9 | 10-12 || total
-------------------------+-------+-------+-------+-------++-------
Melee: Hand axe          |    15 |       |       |       ||    15
       Headbutt          |     9 |    51 |    70 |    22 ||   152
       Short sword       |    45 |   143 |       |       ||   188
       War axe           |       |    45 |   194 |       ||   239
       Triple sword      |       |       |    71 |   115 ||   186
       Glaive            |       |       |    21 |       ||    21
 Fire: Hunting sling     |       |    39 |     7 |       ||    46
Throw: Stone             |       |     1 |     3 |       ||     4
       Tomahawk          |       |       |       |     5 ||     5
Invok: Berserk           |     2 |     3 |     6 |     1 ||    12
       Burn Spellbooks   |       |       |       |     1 ||     1
  Use: Scroll            |     2 |       |    21 |       ||    23
       Potion            |       |       |       |     1 ||     1
  Eat: Chunk             |     1 |     2 |    11 |       ||    14
       Bread ration      |       |     1 |     2 |     1 ||     4
       Meat ration       |       |     2 |       |       ||     2
       Fruit             |       |       |     2 |       ||     2
       Beef jerky        |       |       |     2 |       ||     2
Armor: Animal skin       |    12 |       |       |       ||    12
       Ring mail         |    10 |    73 |       |       ||    83
       Chain mail        |       |     1 |   234 |   116 ||   351
Dodge: Dodged            |    53 |   126 |   238 |   156 ||   573
